Map: Curious Minds LE

Players

A.I. 1 (Very Easy) - Winner!

  • Race: Protoss Protoss

TheCowboy

  • Race: Protoss Protoss
  • League: Grandmaster

VOD

Have the link to the VOD?

Description

Time

  • Played on: Dec. 4, 2021, 11:55 a.m.
  • Length: 4:27
Show
View Real Time Build Order
Export as new Build Order

A.I. 1 (Very Easy) Protoss - Winner!

Build Orders:  

Get SALT Encoding   

  12  0:00  Probe  
  13  0:13  Probe  
  14  0:20  Pylon  
  14  0:36  Assimilator  
  14  0:43  Gateway  
  14  0:46  Pylon  
  14  1:15  Assimilator  
  14  1:16  Probe  
  14  1:24  Probe  
  15  1:32  Probe, Cybernetics Core  
  17  1:42  Probe  
  18  1:55  Probe  
  18  1:58  Warp Gate  
  19  2:03  Probe  
  20  2:09  Stalker  
Show
View Real Time Build Order
Export as new Build Order

TheCowboy Protoss 

Build Orders: 1 Gate Expand 

Get SALT Encoding   

  12  0:00  Probe  
  13  0:12  Probe  
  14  0:21  Pylon  
  14  0:24  Probe  
  15  0:39  Probe (Chrono Boost), Gateway  
  16  0:48  Probe (Chrono Boost)  
  17  0:53  Probe (Chrono Boost)  
  18  1:13  Nexus  
  18  1:24  Pylon, Probe  
  19  1:28  Zealot (Chrono Boost)  
  21  1:36  Probe  
  22  1:43  Cybernetics Core  
  22  1:45  Assimilator  
  22  1:48  Probe  
  22  1:53  Zealot (Chrono Boost)  
  23  2:01  Pylon  
  25  2:03  Probe  
  26  2:15  Probe  
  27  2:21  Shield Battery  
  27  2:23  Shield Battery  
  27  2:28  Stalker (Chrono Boost)  
  29  2:39  Forge  
  29  2:48  Probe x2  
  31  2:52  Stalker (Chrono Boost)  
  31  2:56  Shield Battery  
  33  3:00  Shield Battery  
  33  3:12  Photon Cannon  
  34  3:14  Stalker (Chrono Boost)  
  35  3:27  Gateway  
  35  3:31  Probe  
  36  3:36  Stalker (Chrono Boost)  
  36  3:40  Photon Cannon  
  40  3:50  Shield Battery  
  40  3:51  Photon Cannon  
  38  3:57  Stalker (Chrono Boost)  
  38  3:59  Probe  
  38  4:02  Probe  
  42  4:13  Probe  
  45  4:20  Photon Cannon  
  46  4:24  Pylon  
Tags
 
Add a new tag
Caveats
  • Supply blocks, unpowered buildings, or Contaminate may cause inaccurate times.
  • Supply counts are checked every 10 seconds.